 Dungeon Crawl Stone Soup version 0.29.0-4-gdea44cf6ec (webtiles) character file.

Game seed: 12752516034045986983

79 qw the Chopper (level 4, -2/28 HPs)
             Began as a Gargoyle Berserker on Sept 4, 2022.
             Was a Follower of Trog.
             Slain by a gnoll
             ... wielding a +0 halberd
              (4 damage)
             ... on level 2 of the Dungeon.
             The game lasted 00:00:42 (1563 turns).

qw the Chopper (Gargoyle Berserker)                 Turns: 1563, Time: 00:00:42

Health: -2/28      AC:  9    Str: 23    XL:     4   Next: 37%
Magic:  4/4        EV: 11    Int:  7    God:    Trog [*.....]
Gold:   58         SH:  0    Dex:  9    Spells: 3/3 levels left

rFire   . . .      SeeInvis .   Y - +0 hand axe
rCold   . . .      Faith    .   (no shield)
rNeg    + . .      Spirit   .   f - +0 ring mail
rPois   inf        Reflect  .   (no helmet)
rElec   +          Harm     .   (no cloak)
rCorr   .          Rampage  .   (no gloves)
Will    .....                   (no boots)
Stlth   ..........              (no amulet)
HPRegen 0.09/turn               (no ring)
MPRegen 0.09/turn               (no ring)

@: on berserk cooldown, slowed, very slow
A: sickness immunity, AC +3, negative energy resistance 1, electricity
resistance, torment resistance 1, petrification resistance
a: Renounce Religion, Berserk


You were on level 2 of the Dungeon.
You worshipped Trog.
Trog was aware of your devotion.
You visited 1 branch of the dungeon, and saw 2 of its levels.

You collected 58 gold pieces.


Innate Abilities, Weirdness & Mutations

You are immune to sickness and miasma.
Your stone body is resilient. (AC +3)
You are immune to poison.
You resist negative energy. (rN+)
You are resistant to electric shocks. (rElec)
You are resistant to unholy torment.
You are immune to petrification.


   Skills:
 - Level 3.2 Fighting
 + Level 4.6 Axes
 - Level 2.1 Armour
 - Level 1.5 Dodging


You had 3 spell levels left.
You didn't know any spells.
Your spell library was empty.

Inventory:

Hand Weapons
 g - a +0 club
 Y - a +0 hand axe (weapon)
Armour
 f - a +0 ring mail (worn)
Scrolls
 a - a scroll of enchant weapon {unknown}
Potions
 b - 2 potions of curing {unknown}
 d - a potion of heal wounds {unknown}
 e - a potion of might {unknown}
 h - a potion of mutation {unknown}

Dungeon Overview and Level Annotations

Branches:
Dungeon (2/15)

Altars:


Message History

You are no longer berserk.
You are exhausted.
You feel yourself slow down.
You barely miss the gnoll.
The gnoll is moderately wounded.
The gnoll hits you but does no damage. The gnoll misses you.
The gnoll closely misses you.
You hit the gnoll.
The gnoll is moderately wounded.
You hit the gnoll but do no damage. The gnoll misses you.
The gnoll hits you with a +0 halberd! The gnoll closely misses you.
The gnoll hits you but does no damage.
You barely miss the gnoll.
The gnoll is moderately wounded.
You hit the gnoll but do no damage. The gnoll hits you with a +0 whip.
The gnoll hits you but does no damage.
You barely miss the gnoll.
The gnoll is moderately wounded.
You barely miss the gnoll. The gnoll hits you with a +0 whip.
The gnoll hits you but does no damage. The gnoll hits you with a +0 halberd.
The gnoll barely misses you.
You barely miss the gnoll.
The gnoll is moderately wounded.
You completely miss the gnoll. The gnoll hits you but does no damage.
The gnoll misses you. The gnoll barely misses you.
The gnoll hits you but does no damage.
You hit the gnoll.
The gnoll is severely wounded.
You hit the gnoll but do no damage. The gnoll barely misses you. x2
You barely miss the gnoll.
The gnoll is severely wounded.
You hit the gnoll. The gnoll barely misses you.
The gnoll hits you but does no damage. The gnoll hits you with a +0 halberd.
The gnoll barely misses you.
You closely miss the gnoll.
The gnoll is severely wounded.
You hit the gnoll. The gnoll hits you with a +0 whip.
The gnoll hits you with a +0 halberd.
You die...

##### ##.# #.# #.# #...... ....#
..#.# #.# #.# #....##
###.####.#.########.# #.###....#
#...................###........#
.......................>#########
#.#.#.##........[................
#.#.#.....##.........##.#########
#.#.#.#...#....<.g...............
#.#.#.#...#.....@g...##.#########
#.#.#.#.........#######.# ####
#.#.#.#......)..## #.# #...
#.#.#.#..........# ##.### #...
#.# #.#..........#####....####...
... #.##.........#...............
#............#.###......##...
####.#.##...#.# ##.#...#####
...#.##...#.# #.#...#


You could see 2 gnolls.

Vanquished Creatures
  A gnoll (D:2)
  3 adders (D:2)
  A worm (D:2)
  A dart slug (D:2)
  5 ball pythons
  2 bats
  2 endoplasms (D:1)
  5 goblins
  4 hobgoblins (D:1)
  A quokka (D:1)
  3 frilled lizards (D:1)
  4 kobolds
  5 rats
37 creatures vanquished.

Notes
Turn   | Place    | Note
-------+----------+-------------------------------------------
     0 | D:1      | qw the Gargoyle Berserker began the quest for the Orb.
     0 | D:1      | Reached XP level 1. HP: 14/14 MP: 1/1
     0 | D:1      | 0 ||| qw: Version: 0.1-a-103-gd6f5d3a
     0 | D:1      | 0 ||| qw: Game counter: 5563
     0 | D:1      | 0 ||| qw: Always use a shield: true
     0 | D:1      | 0 ||| qw: Do Orc after D:15 true
     0 | D:1      | 0 ||| qw: Do second Lair branch before Depths: true
     0 | D:1      | 0 ||| qw: Lair rune preference: random
     0 | D:1      | 0 ||| qw: Plans: Normal
     0 | D:1      | 0 ||| PLANNING D:1-11
    28 | D:1      | 28 ||| Stepping ~*~*~tactically~*~*~ (stealth).
   106 | D:1      | Reached skill level 3 in Axes
   184 | D:1      | 184 ||| Stepping ~*~*~tactically~*~*~ (stealth).
   186 | D:1      | 186 ||| Stepping ~*~*~tactically~*~*~ (stealth).
   192 | D:1      | Reached XP level 2. HP: 17/19 MP: 2/2
   284 | D:1      | 284 ||| Stepping ~*~*~tactically~*~*~ (stealth).
   295 | D:1      | 295 ||| Stepping ~*~*~tactically~*~*~ (stealth).
   296 | D:1      | 296 ||| Stepping ~*~*~tactically~*~*~ (stealth).
   466 | D:1      | 466 ||| Stepping ~*~*~tactically~*~*~ (stealth).
   471 | D:1      | 471 ||| Stepping ~*~*~tactically~*~*~ (stealth).
   489 | D:1      | 489 ||| Stepping ~*~*~tactically~*~*~ (stealth).
   501 | D:1      | 501 ||| Stepping ~*~*~tactically~*~*~ (stealth).
   516 | D:1      | Reached XP level 3. HP: 23/23 MP: 3/3
   744 | D:1      | 744 ||| UPGRADING to +0 ring mail.
   754 | D:1      | 754 ||| DROPPING +0 animal skin.
   755 | D:1      | 755 ||| READING scroll labelled ASEUTARULO.
   774 | D:2      | 774 ||| STAIRDANCE
   788 | D:2      | 788 ||| INVOKING Berserk.
   797 | D:2      | 797 ||| STAIRDANCE
   953 | D:2      | Reached skill level 4 in Axes
  1303 | D:2      | Reached XP level 4. HP: 28/28 MP: 4/4
  1410 | D:2      | 1410 ||| Stepping ~*~*~tactically~*~*~ (hiding).
  1546 | D:2      | 1546 ||| INVOKING Berserk.
  1559 | D:2      | HP: 6/28 [gnoll/+0 halberd (2)]
  1563 | D:2      | HP: 2/28 [gnoll/+0 whip (3)]
  1563 | D:2      | Slain by a gnoll

Levels and vault maps discovered:
D:1:      lemuel_arrival_cross, layout_rooms, minmay_shallow_snake_nest
D:2:      layout_basic

Skill      XL: |  1  2  3 |
---------------+----------+-----
Axes           | 3 4 |  4.6
Fighting       | |  3.2
Armour         | |  2.1
Dodging        | |  1.5

Action                   |  1- 3 |  4- 6 || total
-------------------------+-------+-------++-------
Melee: Hand axe          |   111 |    17 ||   128
       Punch             |     1 |       ||     1
Invok: Berserk           |     1 |     1 ||     2
  Use: Scroll            |     1 |       ||     1
Armor: Animal skin       |    19 |       ||    19
       Ring mail         |    27 |    10 ||    37
Dodge: Dodged            |    60 |    15 ||    75

Table legend:
 A = Non-vault XP
 B = Vault XP
 C = Vault XP percentage of total XP
 D = Non-vault monster count
 E = Vault monster count
 F = Vault count percentage of total count
                 A         B        C        D         E       F
            +---------+---------+-------+---------+---------+-------
      Total |     111 |       2 |   1.8 |      36 |       1 |   2.7
            +---------+---------+-------+---------+---------+-------
        D:1 |      39 |       2 |   4.9 |      24 |       1 |   4.0
        D:2 |      72 |       0 |   0.0 |      12 |       0 |   0.0
            +---------+---------+-------+---------+---------+-------
